Map: Odyssey LE

Players

GuMiho

  • Race: Terran Terran
  • Spawn Location: 11:00

INnoVation - Winner!

  • Race: Terran Terran
  • Spawn Location: 5:00

Event: 2017 WCS Global Finals

VOD

Have the link to the VOD?

Description

Time

  • Played on: Oct. 29, 2017, 2:08 p.m.
  • Length: 12:14

All games in this series

Show
View Real Time Build Order
Export as new Build Order

GuMiho Terran 

Build Orders: Cyclone Opening, Bio Tank 

Get SALT Encoding   

  12  0:00  SCV  
  13  0:12  SCV  
  14  0:16  Supply Depot  
  14  0:24  SCV  
  15  0:28  Refinery  
  15  0:38  SCV  
  16  0:44  Barracks  
  16  0:50  SCV  
  16  0:56  Refinery  
  17  1:02  SCV  
  18  1:14  SCV  
  19  1:30  Orbital Command  
  19  1:31  Reaper  
  20  1:35  Factory  
  20  1:43  Supply Depot  
  20  1:56  SCV  
  21  2:03  Reaper  
  21  2:08  SCV  
  23  2:18  Cyclone  
  26  2:28  Command Center  
  26  2:31  SCV  
  27  2:37  Supply Depot  
  27  2:39  Barracks Reactor  
  27  2:43  SCV  
  28  2:51  Starport  
  28  2:54  Factory Tech Lab  
  28  2:58  SCV  
  29  3:10  SCV  
  33  3:12  Siege Tank  
  33  3:14  Marine  
  33  3:22  SCV  
  34  3:27  Medivac  
  34  3:33  Marine x2  
  38  3:35  SCV  
  39  3:46  Orbital Command  
  39  3:48  SCV  
  40  3:53  Siege Tank  
  40  3:55  Marine  
  44  3:56  Marine  
  44  4:00  SCV  
  46  4:08  Supply Depot  
  46  4:12  Medivac  
  46  4:14  SCV x2  
  50  4:18  Marine x2  
  52  4:26  SCV x2  
  54  4:34  Siege Tank  
  56  4:38  SCV  
  56  4:41  Marine x2  
  56  4:45  SCV  
  61  4:54  Supply Depot  
  61  4:58  Medivac  
  62  5:06  Command Center  
  62  5:07  Supply Depot  
  62  5:10  SCV x2  
  62  5:11  Marine x2  
  64  5:22  Barracks, SCV x2  
  64  5:25  Barracks  
  66  5:34  SCV x2  
  68  5:35  Siege Tank  
  71  5:46  SCV x2  
  73  5:50  Starport Reactor  
  73  5:53  Refinery  
  73  5:54  Refinery, Barracks Tech Lab  
  73  5:58  SCV x2  
  73  5:59  Supply Depot  
  75  6:10  SCV x2  
  76  6:14  Barracks Reactor  
  76  6:16  Marine  
  76  6:17  Stimpack  
  77  6:19  SCV  
  77  6:22  SCV  
  78  6:30  Marine  
  78  6:31  Marine  
  77  6:32  Siege Tank  
  77  6:34  Marine  
  77  6:37  SCV  
  78  6:40  Orbital Command  
  78  6:46  Viking x2  
  81  6:47  SCV  
  81  6:48  Marine  
  81  6:49  SCV, Marine  
  81  6:52  Marine  
  86  6:54  Refinery  
  86  6:55  Refinery  
  86  6:59  SCV  
  86  7:01  SCV, Marine  
  87  7:02  Marine  
  87  7:06  Marine x2  
  87  7:08  Siege Tank  
  83  7:13  SCV, Marine  
  82  7:16  Engineering Bay  
  82  7:17  Engineering Bay  
  82  7:21  Viking  
  82  7:24  Viking  
  82  7:27  SCV  
  82  7:29  SCV x2  
  87  7:37  Bunker x2  
  87  7:40  SCV  
  87  7:41  SCV x2  
  87  7:42  Siege Tank  
  93  7:47  Marine x2  
  93  7:49  Marine  
  93  7:55  Viking x2  
  93  7:57  Marine x2  
  99  7:59  Terran Infantry Weapons Level 1  
  99  8:00  Terran Infantry Armor Level 1  
  99  8:02  SCV x2  
  99  8:05  Marine  
  102  8:07  Sensor Tower  
  102  8:11  Sensor Tower  
  102  8:12  Missile Turret  
  102  8:15  Supply Depot  
  102  8:16  Marine x2  
  102  8:18  Marine x2  
  107  8:22  Combat Shields, Marine  
  100  8:34  Marine x2  
  99  8:36  Marine  
  102  8:42  Command Center  
  102  8:43  Supply Depot  
  102  8:45  Supply Depot  
  102  8:52  Marine x4  
  102  8:54  Medivac  
  108  8:56  Medivac  
  108  9:02  Missile Turret  
  110  9:04  Armory  
  110  9:08  Marine  
  111  9:10  Marine  
  111  9:11  Marine x2  
  111  9:16  Siege Tank  
  117  9:18  Marine  
  118  9:28  Barracks  
  118  9:31  Barracks  
  118  9:32  Medivac  
  118  9:34  Medivac  
  118  9:35  Marine x2  
  124  9:38  Marine  
  125  9:46  Supply Depot  
  125  9:47  Supply Depot  
  125  9:53  Marine x4  
  117  10:00  Siege Tank  
  117  10:02  Marine  
  121  10:10  Medivac, Marine  
  121  10:11  Marine x3  
  127  10:15  Liberator  
  127  10:21  Orbital Command  
  127  10:23  Marine  
  126  10:28  Marine  
  126  10:29  Marine  
  126  10:33  Marine x2  
  130  10:41  Marine  
  131  10:46  Marine x2  
  133  10:51  Marine x2  
  133  10:55  Marine x2  
  137  10:59  Marine  
  134  11:04  Marine x2  
  134  11:07  Siege Tank  
  134  11:09  Marine x2  
  135  11:13  Marine x2  
  135  11:16  Marine  
  123  11:22  Marine x2  
  108  11:27  Marine x2  
  108  11:31  Marine x2  
  112  11:34  Marine  
  112  11:40  Marine x2  
  112  11:41  Orbital Command  
  112  11:44  Marine  
  112  11:45  Marine  
  95  11:49  Marine  
  95  11:50  Marine  
  95  11:54  Marine  
Show
View Real Time Build Order
Export as new Build Order

INnoVation Terran - Winner!

Build Orders: Cyclone Opening, Gas First Reaper Expand, Reaper Expand, Bio Tank 

Get SALT Encoding   

  12  0:00  SCV  
  13  0:12  SCV  
  14  0:16  Supply Depot  
  14  0:24  SCV  
  15  0:28  Refinery  
  15  0:38  SCV  
  16  0:44  Barracks  
  16  0:50  SCV  
  17  1:02  SCV  
  18  1:14  SCV  
  19  1:30  Orbital Command  
  19  1:31  Reaper  
  20  1:44  Command Center  
  20  1:55  Factory  
  20  1:59  SCV  
  21  2:06  Reaper  
  22  2:10  Supply Depot  
  22  2:14  Refinery  
  22  2:17  SCV  
  23  2:31  SCV  
  24  2:38  Marine  
  24  2:41  Cyclone  
  24  2:43  SCV  
  29  2:56  Orbital Command, SCV, Barracks Reactor  
  30  3:08  SCV  
  30  3:11  Starport  
  29  3:20  SCV  
  29  3:25  SCV  
  31  3:29  Cyclone  
  31  3:32  SCV  
  35  3:34  Marine x2  
  35  3:38  SCV  
  38  3:41  Supply Depot  
  38  3:44  SCV  
  38  3:48  Viking  
  41  3:50  SCV  
  41  3:54  Marine x2  
  44  3:55  Supply Depot  
  44  3:56  SCV  
  45  4:03  SCV, Cyclone  
  45  4:06  Supply Depot  
  45  4:08  SCV  
  50  4:17  Barracks, SCV  
  50  4:20  SCV, Barracks Tech Lab  
  52  4:26  Starport Reactor  
  52  4:29  Barracks, SCV  
  53  4:32  SCV  
  53  4:37  Factory Tech Lab  
  53  4:41  SCV  
  53  4:42  Engineering Bay  
  53  4:44  SCV  
  54  4:53  Refinery, SCV  
  54  4:56  Stimpack, Marine  
  54  4:57  SCV  
  57  5:00  Refinery, Supply Depot  
  57  5:04  Marine x2  
  57  5:05  SCV  
  60  5:09  SCV  
  60  5:11  Terran Infantry Weapons Level 1, Starport Reactor  
  61  5:16  Marine  
  61  5:17  SCV  
  61  5:21  SCV, Marine  
  64  5:27  Siege Tank  
  67  5:29  Supply Depot, SCV  
  67  5:30  Marine  
  67  5:33  SCV  
  67  5:34  Marine  
  71  5:39  Supply Depot  
  71  5:40  Marine  
  71  5:41  SCV  
  72  5:45  SCV  
  72  5:48  Medivac x2, Marine  
  78  5:51  Marine  
  78  5:53  Supply Depot  
  78  5:54  SCV  
  78  5:56  Marine x2  
  82  5:57  SCV  
  82  5:58  Marine  
  82  6:01  Siege Tank  
  87  6:06  Marine  
  87  6:09  Marine  
  89  6:13  Supply Depot  
  89  6:14  Marine x2  
  89  6:16  Marine  
  92  6:20  Medivac x2  
  92  6:24  Marine  
  96  6:27  Marine  
  96  6:30  SCV  
  96  6:31  SCV  
  96  6:32  Marine x2  
  97  6:33  Siege Tank  
  97  6:34  Marine  
  101  6:42  Marine  
  101  6:43  SCV  
  101  6:44  SCV  
  101  6:45  Marine  
  102  6:55  Marine x3  
  102  6:57  Combat Shields  
  102  7:00  SCV x2, Marine  
  102  7:01  Medivac x2  
  108  7:03  Marine  
  105  7:10  Terran Infantry Armor Level 1  
  105  7:15  Supply Depot  
  105  7:20  Marine  
  105  7:21  Marine x4  
  110  7:23  Command Center  
  110  7:25  Supply Depot  
  110  7:28  Supply Depot  
  110  7:31  Siege Tank  
  113  7:40  Marine x2  
  113  7:41  Marine x3  
  118  7:45  SCV x2  
  118  7:50  Barracks  
  120  7:56  Barracks  
  120  7:57  SCV x2  
  122  8:02  Medivac x2  
  122  8:03  Siege Tank  
  128  8:06  Supply Depot  
  128  8:08  Marine x5  
  133  8:13  SCV x2  
  133  8:16  Armory  
  133  8:19  Engineering Bay  
  131  8:27  SCV x2  
  133  8:37  Barracks Reactor, Marine  
  133  8:39  Marine x3  
  133  8:40  Orbital Command, Marine  
  136  8:41  SCV  
  136  8:42  SCV  
  136  8:45  Siege Tank  
  136  8:47  Supply Depot  
  141  8:54  SCV x2  
  138  8:56  Sensor Tower  
  138  9:00  Marine x4  
  142  9:02  Barracks Reactor  
  142  9:04  Viking x2  
  146  9:10  SCV x3  
  146  9:11  Terran Infantry Weapons Level 2  
  146  9:13  Terran Infantry Armor Level 2  
  148  9:18  Refinery  
  148  9:19  Refinery  
  148  9:20  Marine x2  
  148  9:21  Marine  
  151  9:25  Siege Tank  
  151  9:27  Marine x3  
  157  9:32  SCV x2  
  157  9:33  SCV  
  160  9:39  Barracks Reactor  
  160  9:41  Marine x2  
  160  9:42  Marine x2  
  160  9:45  Marine x2  
  161  9:48  Viking  
  161  9:49  Viking  
  161  9:50  Supply Depot  
  161  9:52  Terran Vehicle Weapons Level 1  
  166  9:55  Marine x2  
  166  9:58  Marine  
  166  9:59  Marine  
  164  10:00  Marine  
  164  10:03  Siege Tank  
  167  10:10  Supply Depot  
  167  10:11  Supply Depot  
  167  10:13  Command Center  
  167  10:19  Marine x4  
  167  10:20  Marine x3  
  172  10:39  Siege Tank  
  172  10:41  Viking x2  
  179  10:43  Marine x5  
  179  10:45  Factory  
  184  10:56  Marine x5  
  189  11:01  Marine x3  
  182  11:04  Marine x2  
  174  11:12  Viking x2  
  174  11:13  Marine  
  174  11:14  Marine x4  
  173  11:18  Marine  
  173  11:19  Marine x2  
  173  11:22  Marine  
  173  11:25  Siege Tank  
  167  11:28  Planetary Fortress  
  167  11:32  Siege Tank  
  170  11:33  Marine  
  170  11:34  Marine x2  
  164  11:49  Marine x7  
  164  11:51  Marine x3  
Tags
 
Add a new tag
Caveats
  • Supply blocks, unpowered buildings, or Contaminate may cause inaccurate times.
  • Supply counts are checked every 10 seconds.